 Seeded DCSS version 0.25-a0-287-g56a5b49 (webtiles) character file.

Game seed: 20191212, levelgen mode: deterministic

37 FruityBerryJuice the Skirmisher (level 3, -3/33 HPs)
             Began as a Draconian Berserker on Dec 12, 2019.
             Was a Follower of Trog.
             Shot with an arrow by a centaur (14 damage)
             ... on level 2 of the Dungeon.
             The game lasted 00:01:43 (402 turns).

FruityBerryJuice the Skirmisher (DrBe)               Turns: 402, Time: 00:01:44

Health: -3/33      AC:  5    Str: 20    XL:     3   Next: 23%
Magic:  3/3        EV: 13    Int:  7    God:    Trog [*.....]
Gold:   25         SH:  0    Dex: 10    Spells: 2/2 levels left

rFire    . . .     SeeInvis .   a - +0 hand axe
rCold    . . .     Gourm    .   (no shield)
rNeg     . . .     Faith    .   (armour unavailable)
rPois    .         Spirit   .   (helmet restricted)
rElec    .         Reflect  .   (no cloak)
rCorr    .         Harm     .   (no gloves)
MR       .....                  (no boots)
Stlth    +.........             (no amulet)
HPRegen  0.11/turn              (no ring)
MPRegen  0.08/turn              (no ring)

@: no status effects
A: unfitting armour, cold-blooded, AC +5
a: Berserk, Renounce Religion


You were on level 2 of the Dungeon.
You worshipped Trog.
Trog was aware of your devotion.
You were not hungry.

You visited 1 branch of the dungeon, and saw 2 of its levels.

You collected 25 gold pieces.

Inventory:

Hand Weapons
 a - a +0 hand axe (weapon)
Scrolls
 c - 2 scrolls of remove curse
Comestibles
 b - a ration


   Skills:
 + Level 3.9 Fighting
 + Level 3.5 Axes
 + Level 3.1 Dodging


You had 2 spell levels left.
You didn't know any spells.
Your spell library was empty.

Dungeon Overview and Level Annotations

Branches:
Dungeon (2/15)

Altars:


Innate Abilities, Weirdness & Mutations

Your plain brown scales are hard. (AC +5)
You cannot fit into any form of body armour.
You are cold-blooded and may be slowed by cold attacks.


Message History

The hobgoblin is almost dead.
The hobgoblin misses you.
You closely miss the hobgoblin. You tail-slap the hobgoblin.
You kill the hobgoblin!
Trog accepts your kill.
Items here: ( ))) †† A centaur comes into view.
The centaur moves out of view.
You see here a stone.
The centaur shouts!
The centaur unwields a +0 rapier of protection.
The centaur wields a +0 shortbow.
The centaur shoots an arrow.
The arrow hits you!
You see here an arrow.
The centaur shoots an arrow.
The arrow hits you!
You see here an arrow.
As you read the scroll labeled CYNIEC IPERYFA, it crumbles to dust.
You feel blessed for a moment.
It was a scroll of remove curse.
The centaur shoots an arrow.
The arrow hits you!
You die...

#..#......
..#.....#
#.#.$..#
##.#...###
#......... #
#........
#.#.###....#..
...
#....@(..c.#.# ..
##########(#....
#....)....#.#.
#.#######........
#.# ##..#.##. #.#
#..# #.# #..# #.#
#..# #.# #..#


You could see a centaur.

Vanquished Creatures
  Natasha (D:2)
  A ball python (D:1)
  2 hobgoblins
  3 jackals (D:1)
  A kobold (D:2)
  A bat (D:1)
  2 goblins
  A rat (D:2)
12 creatures vanquished.

Notes
Turn   | Place    | Note
-------+----------+-------------------------------------------
     0 | D:1      | FruityBerryJuice the Draconian Berserker began the quest
                  | for the Orb.
     0 | D:1      | Reached XP level 1. HP: 19/19 MP: 1/1
   105 | D:1      | Reached XP level 2. HP: 11/26 MP: 2/2
   158 | D:2      | Noticed Natasha
   166 | D:2      | Noticed a crimson imp
   168 | D:2      | Killed Natasha
   168 | D:2      | Reached XP level 3. HP: 17/33 MP: 3/3
   375 | D:2      | Noticed a centaur
   402 | D:2      | Shot with an arrow by a centaur

Levels and vault maps discovered:
D:1:      dpeg_arrival_triangle_fractal, layout_basic
D:2:      layout_basic, uniq_natasha

Skill      XL: |  1  2 |
---------------+-------+-----
Dodging        | 3 |  3.1
Fighting       | |  3.9
Axes           | |  3.5

Action                   || total
-------------------------++-------
Melee: Hand axe          ||    41
       Tailslap          ||     5
  Use: Scroll            ||     1
Armor: Skin              ||    11
Dodge: Dodged            ||    33

Table legend:
 A = Non-vault XP
 B = Vault XP
 C = Vault XP percentage of total XP
 D = Non-vault monster count
 E = Vault monster count
 F = Vault count percentage of total count
                 A         B        C        D         E       F
            +---------+---------+-------+---------+---------+-------
      Total |      18 |      36 |  66.7 |      11 |       1 |   8.3
            +---------+---------+-------+---------+---------+-------
        D:1 |      12 |       0 |   0.0 |       7 |       0 |   0.0
        D:2 |       6 |      36 |  85.7 |       4 |       1 |  20.0
            +---------+---------+-------+---------+---------+-------
